 Dungeon Crawl Stone Soup version 0.17-a0-1591-g7a45446 (webtiles) character file.

549494 nubinia the Sorcerer (level 25, -10/114 HPs)
             Began as a Spriggan Earth Elementalist on July 21, 2015.
             Was the Champion of Zin.
             Blown up by a lich (52 damage)
             ... with an orb of destruction
             ... on level 5 of the Vaults on July 29, 2015.
             The game lasted 18:37:50 (126236 turns).

nubinia the Sorcerer (SpEE)                       Turns: 126236, Time: 18:37:50

Health: -10/114    AC: 39    Str: 12    XL:     25   Next: 50%
Magic:  53/57      EV: 24    Int: 22    God:    Zin [******]
Gold:   2208       SH: 13    Dex: 27    Spells: 19 memorised, 10 levels left

rFire  + + .     SeeInvis +     b - +2 flail (protect)
rCold  . . .     Clarity  .     h - +0 storm dragon armour "Torchistru" {rElec rF++ rC- rCorr Dex+3}
rNeg   . . .     SustAt   .     p - +2 buckler {AC+3}
rPois  +         Gourm    .     g - +2 hat
rElec  +         Spirit   .     P - +2 cloak
rCorr  +         Warding  .     (gloves unavailable)
rMut   .         Stasis   .     (boots unavailable)
MR     +++++                    T - amulet of regeneration
Stlth  ++++++....               R - ring "Soajoi" {Wiz +Inv rPois Str+2}
                                v - ring of the Enemy {rC+ MR+ MP+9 Str+5}

@: short of breath, stone skin, very slightly contaminated, very quick, almost
entirely resistant to hostile enchantments, very stealthy
A: unfitting armour, antennae 1, fangs 1, iridescent scales 1, yellow scales 1,
see invisible, agile 1, herbivore 3, speed 3, low mp 1, slow metabolism 2, spit
poison 1
a: Spit Poison, Recite, Vitalisation, Imprison, Sanctuary, Cure All Mutations,
Renounce Religion, Evoke Invisibility
}: 2/15 runes: decaying, serpentine


You were on level 5 of the Vaults.
You worshipped Zin.
Zin was exalted by your worship.
You were not hungry.

You visited 10 branches of the dungeon, and saw 52 of its levels.
You visited the Abyss 1 time.
You visited 1 bazaar.
You also visited: Labyrinth, Bailey and Ice Cave.

You collected 7893 gold pieces.
You spent 3287 gold pieces at shops.
You donated 2398 gold pieces to Zin.

Inventory:

Hand weapons
 a - the +12 dagger "Rutu" {holy, rN++ Int-2}
   (You took it off a vault sentinel on level 1 of the Vaults)

   It has been blessed by the Shining One to cause great damage to the undead
   and demons.
   It affects your intelligence (-2).
   It greatly protects you from negative energy.
 b - a +2 flail of protection (weapon)
 s - a +4 quick blade
 F - the +8 hand crossbow of Suiben {elec, -Tele rElec Str+11}
   (You found it on level 1 of the Crypt)

   It charges the ammunition it shoots with electricity; occasionally upon a
   hit, such missiles may discharge and cause terrible harm.
   It affects your strength (+11).
   It insulates you from electricity.
   It prevents most forms of teleportation.
 J - the +6 mace "Wusecam" {elec, rF+ SInv}
   (You took it off a deep elf death mage on level 3 of the Elven Halls)

   Occasionally, upon striking a foe, it will discharge some electrical energy
   and cause terrible harm.
   It protects you from fire.
   It lets you see invisible.
Missiles
 A - 1022 arrows
Armour
 g - a +2 hat (worn)
 h - the +0 storm dragon armour "Torchistru" (worn) {rElec rF++ rC- rCorr Dex+3}
   (You bought it in a shop in a bazaar)

   It affects your dexterity (+3).
   It greatly protects you from fire.
   It makes you vulnerable to cold.
   It insulates you from electricity.
   It protects you from acid and corrosion.
 j - a +2 robe of resistance
 p - a +2 buckler of protection (worn)
 P - a +2 cloak (worn)
Jewellery
 d - a ring of the Octopus King {AC+1 EV+1 Str+1 Int+1 Dex+1 Stlth+}
   (You found it on level 15 of the Dungeon)

   [ring of stealth]

   It affects your AC (+1).
   It affects your evasion (+1).
   It affects your strength (+1).
   It affects your intelligence (+1).
   It affects your dexterity (+1).
   It makes you more stealthy.
 v - the ring of the Enemy (left hand) {rC+ MR+ MP+9 Str+5}
   (You found it in a labyrinth)

   [ring of protection from magic]

   It affects your strength (+5).
   It protects you from cold.
   It affects your resistance to hostile enchantments.
   It affects your magic capacity (+9).
 D - a +3 ring of protection
 E - an uncursed amulet of clarity
 R - the ring "Soajoi" (right hand) {Wiz +Inv rPois Str+2}
   (You took it off a vampire knight on level 3 of the Crypt)

   [ring of wizardry]

   It improves your spell success rate.
   It affects your strength (+2).
   It protects you from poison.
   It lets you turn invisible.
 T - an amulet of regeneration (around neck)
 U - an uncursed amulet of warding
Magical devices
 i - a wand of lightning (3)
 Q - a wand of cold (5)
 S - a wand of fire (4)
 X - a wand of teleportation (4)
 Z - a wand of hasting (2)
Scrolls
 c - 6 scrolls of identify
 e - 2 scrolls of enchant armour
 m - 16 scrolls of recharging
 o - 2 scrolls of holy word
 q - 8 scrolls of fear
 r - 3 scrolls of fog
 t - 6 scrolls of magic mapping
 u - 2 scrolls of summoning
 y - 16 scrolls of remove curse
 C - 6 scrolls of blinking
 V - a scroll of acquirement
 W - 11 scrolls of teleportation
Potions
 f - 4 potions of magic
 k - 5 potions of resistance
 l - 9 potions of heal wounds
 n - 8 potions of might
 w - 2 potions of brilliance
 x - 2 potions of flight
 B - 2 potions of cure mutation
 G - a potion of invisibility
 H - 22 potions of curing
 M - 6 potions of haste
 N - 2 potions of agility
Miscellaneous
 z - a fan of gales (inert)
 I - a phantom mirror
 L - a phial of floods
 O - a fan of gales (inert)
Comestibles
 K - 14 bread rations


   Skills:
 + Level 6.1 Fighting
 + Level 9.1 Short Blades
 - Level 0.1 Maces & Flails
 + Level 4.0 Throwing
 + Level 10.5 Armour
 + Level 17.2 Dodging
 + Level 20.2 Stealth
 + Level 11.4 Shields
 + Level 25.9 Spellcasting
 + Level 10.8 Conjurations
 + Level 14.5 Hexes
 + Level 12.2 Charms
 + Level 14.6 Translocations
 + Level 14.5 Transmutations
 + Level 1.7 Fire Magic
 + Level 6.5 Air Magic
 + Level 11.9 Earth Magic
 * Level 13.4 Invocations
 + Level 1.5 Evocations


You had 10 spell levels left.
You knew the following spells:

 Your Spells              Type           Power        Failure   Level  Hunger
a - Throw Flame           Conj/Fire      ######       1%          2    None
b - Dazzling Spray        Conj/Hex       ######..     1%          3    None
c - Mephitic Cloud        Conj/Pois/Air  ######..     4%          3    None
d - Magic Dart            Conj           ####         1%          1    None
e - Passwall              Trmt/Erth      ######....   1%          3    None
f - Force Lance           Conj/Tloc      ######..     1%          4    None
g - Shroud of Golubria    Chrm/Tloc      ######....   1%          2    None
h - Controlled Blink      Tloc           N/A          24%         7    ####...
i - Iskenderun's Battles  Conj/Chrm      ######..     2%          5    None
j - Stone Arrow           Conj/Erth      ######       1%          3    None
k - Apportation           Tloc           #######...   1%          1    None
l - Lee's Rapid Deconstr  Erth           ######....   2%          5    None
m - Ignite Poison         Fire/Trmt/Pois ######..     4%          3    None
n - Deflect Missiles      Chrm/Air       ######....   50%         6    None
p - Phase Shift           Tloc           #######...   1%          5    None
s - Stoneskin             Trmt/Erth      ######..     1%          2    None
B - Blink                 Tloc           N/A          1%          2    None
I - Invisibility          Hex            #######.     4%          6    None
S - Sticks to Snakes      Trmt           #######...   1%          2    None


Dungeon Overview and Level Annotations

Branches:
Dungeon (15/15)            Temple (1/1) D:6            Lair (8/8) D:10
  Swamp (4/4) Lair:5        Snake (4/4) Lair:3        Slime (0/6) Lair:8
    Orc (4/4) D:11            Elf (3/3) Orc:4        Vaults (5/5) D:14
  Crypt (3/3) Vaults:2       Tomb (0/3) Crypt:3      Depths (5/5) D:15
    Zot (0/5) Depths:5

Altars:
Ashenzari
Cheibriados
Dithmenos
Elyvilon
Fedhas
Gozag
Kikubaaqudgha
Makhleb
Nemelex Xobeh
Okawaru
Qazlal
Ru
Sif Muna
Trog
Vehumet
Xom
Yredelemnul
Zin
The Shining One
Beogh
Jiyva
Lugonu

Shops:
D:10 =   D:13 ?   D:15 **?   Orc:4 ?((*   Vaults:1 *   Vaults:2 (   Vaults:3 [
Vaults:4 :(

Portals:
Hell: Depths:1 Depths:2 Depths:3 Depths:4 Depths:5
Abyss: Depths:4
Pandemonium: Depths:3 Depths:5
Ziggurat: Depths:4
Trove: Depths:3 (give 13 potions of heal wounds)

Annotations:
D:5 Dowan
D:9 Erolcha
Lair:4 exclusion: oklob plant
Snake:4 Vashnia
Depths:1 Saint Roka


Innate Abilities, Weirdness & Mutations

You are tiny and cannot use many weapons and most armour.
You have supernaturally acute eyesight.
You are a herbivore.
You cover ground extremely quickly.
You need consume almost no food.
You have a pair of small antennae on your head.
You have very sharp teeth.
You are partially covered in iridescent scales (AC +4).
You are partially covered in yellow scales (AC +2).
You are agile. (Dex +2)
Your magical capacity is low (-10% MP).
You can spit weak poison.


Message History

The lich shouts!
An ettin comes into view. It is wielding two dire flails.
The ettin shouts in stereo!
Put on which piece of jewellery? (? for menu, Esc to quit)
You remove your amulet of warding.
T - an amulet of regeneration (around neck) Use which ability? (? or * to list)
You clear your throat and prepare to recite. "The voice of Zin, pure and clear, did say that the amorphous wretches..."
You hear a shout!
The lich conjures a glowing orb.
Casting: Mephitic Cloud
Confirm with . or Enter, or press ? or * to list all spells.
Your skin hardens.
Your recitation is interrupted.
You feel short of breath.
Casting: Stoneskin
Confirm with . or Enter, or press ? or * to list all spells.
You blink.
The orb of destruction hits you!
You die...

#############################
.............................
..........................p..
........#####################
.............C§# W....
$#....#.....@.## .....
#....#....§..#{ ....# #...
#..L§..## ...## #... #....###
..##. #.. #.####### .##.. #..
#.##W...##. #... #..........
.... #.......... #..........


You could see a lich and an ettin.

Vanquished Creatures
  Mara (Depths:1)
  Margery (Depths:4)
  A caustic shrike (Depths:4)
  3 golden dragons (Depths:5)
  Nikola (Swamp:1)
  A bone dragon (Crypt:3)
  Jorgrun (Swamp:3)
  Rupert (D:14)
  5 liches
  A tentacled monstrosity (Vaults:2)
  3 deep elf blademasters
  Asterion (Depths:2)
  A titan (Depths:4)
  A deep elf master archer (Elf:3)
  2 quicksilver dragons
  An octopode crusher (Depths:4)
  Agnes (D:15)
  4 thorn hunters
  Kirke (D:15)
  3 sphinxes
  A storm dragon (Depths:4)
  12 ancient champions
  7 greater nagas
  4 revenants
  2 tengu reavers
  9 vault wardens
  Donald (Elf:3)
  5 fire giants
  15 frost giants
  A draconian knight (Depths:5)
  Aizul (Snake:2)
  10 deep elf sorcerers
  3 curse skulls
  16 ghouls
  13 ironheart preservers
  2 war gargoyles (Depths:3)
  A caustic shrike skeleton (Crypt:1)
  3 spriggan defenders (Depths:4)
  A draconian caller (Depths:5)
  14 very ugly things
  15 stone giants
  2 grey draconians (Depths:5)
  Nessos (D:14)
  6 dire elephants
  9 deep elf demonologists
  15 deep elf annihilators
  Azrael (D:15)
  4 vampire knights
  2 white draconians (Depths:5)
  2 mottled draconians (Depths:5)
  2 purple draconians (Depths:5)
  8 ettins
  A merfolk javelineer (Depths:4)
  17 deep elf death magi
  5 eidola
  Snorg (Lair:3)
  A minotaur (Lab)
  4 crystal guardians
  4 yaktaur captains
  14 fire dragons
  19 jiangshi
  20 vault guards
  11 great orbs of eyes
  6 deep elf high priests
  A quicksilver dragon skeleton (Crypt:1)
  24 hydras
  21 naga warriors
  6 rakshasas
  4 death knights
  A ghost crab (shapeshifter) (Vaults:3)
  A hydra (shapeshifter) (Vaults:2)
  A catoblepas (Lair:7)
  7 ice dragons
  Erica (D:11)
  21 centaur warriors
  15 ogre magi
  3 entropy weavers
  7 deep troll earth magi
  18 dancing weapons
  A queen ant (Lair:6)
  11 anacondas
  7 tengu warriors
  12 deep troll shamans
  19 death yaks
  8 alligators
  A thrashing horror (Abyss:1)
  6 shock serpents
  10 vampire magi
  3 spriggan berserkers
  15 naga sharpshooters
  4 orc high priests
  22 deep elf knights
  Nergalle (Depths:3)
  A storm dragon zombie (Crypt:3)
  11 hell knights
  4 salamander mystics
  5 soul eaters
  2 wretched stars (Abyss:1)
  7 shadow wraiths
  11 flayed ghosts
  8 unseen horrors
  25 skeletal warriors
  6 giant orange brains
  A fire crab (Vaults:2)
  7 large abominations (Abyss:1)
  An anaconda zombie (Crypt:3)
  A ghost moth zombie (Crypt:2)
  4 shambling mangroves
  7 deep elf summoners
  10 phantasmal warriors
  12 swamp dragons
  An infernal demonspawn (Depths:3)
  An ice statue (IceCv)
  34 deep trolls
  10 naga ritualists
  A shadow demon (Depths:3)
  14 hill giants
  2 harpies
  21 deep elf conjurers
  A shadow dragon zombie (Crypt:1)
  A lindwurm (shapeshifter) (Vaults:4)
  2 wizards
  9 cyclopes
  17 orc knights
  9 ironbrand convokers
  11 mana vipers
  An orb spider (shapeshifter) (Depths:3)
  2 anaconda skeletons
  8 necromancers
  7 orc sorcerers
  A fire giant zombie (Crypt:2)
  38 ugly things
  An iron dragon zombie (Crypt:3)
  A moth of wrath (shapeshifter) (D:15)
  8 wolf spiders
  2 stone giant zombies
  An iron dragon skeleton (Crypt:2)
  7 hornets
  45 black mambas
  9 salamanders
  A sphinx skeleton (Crypt:3)
  14 elephants
  6 griffons
  17 vault sentinels
  3 manticores
  42 naga magi
  A salamander (shapeshifter) (Depths:4)
  A stone giant skeleton (Crypt:1)
  6 centaur zombies
  5 guardian serpents
  2 frost giant skeletons
  A rust devil (Depths:1)
  A spiny frog (shapeshifter) (Vaults:4)
  2 smoke demons
  2 torpor snails
  5 spectral swamp worms (Depths:4)
  A yaktaur (shapeshifter) (Abyss:1)
  An efreet (D:15)
  2 catoblepas zombies
  2 hellwings
  6 gargoyles
  9 komodo dragons
  5 kobold demonologists
  An alligator snapping turtle skeleton (Crypt:2)
  2 fire drakes (Lair:4)
  52 yaktaurs
  A komodo dragon (shapeshifter) (Vaults:3)
  5 guardian mummies (Crypt:3)
  23 spiny frogs
  6 tengu conjurers
  A fire drake (shapeshifter) (D:14)
  A sea snake skeleton (Crypt:3)
  2 jumping spiders
  7 trolls
  A redback zombie (D:14)
  15 deep elf priests
  A queen bee (shapeshifter) (Vaults:4)
  5 freezing wraiths
  A harpy zombie (Crypt:2)
  5 giant leeches
  13 polar bears (IceCv)
  A guardian serpent zombie (Crypt:3)
  Grinder (D:4)
  20 two-headed ogres
  56 slime creatures
  A trapdoor spider zombie (D:11)
  A slime creature (shapeshifter) (Depths:4)
  A hornet zombie (D:14)
  A stone giant simulacrum (Crypt:3)
  18 blink frogs
  3 air elementals (Depths:3)
  A human simulacrum (Vaults:2)
  A centaur simulacrum (D:14)
  2 boulder beetles
  12 bog bodies
  3 tarantellas
  An ettin zombie (Abyss:1)
  An ice dragon zombie (Crypt:2)
  2 ettin skeletons
  A black mamba zombie (Crypt:3)
  8 redbacks
  9 shadows
  11 water elementals (Depths:4)
  A human (D:15)
  5 vampires
  A ynoxinul (Abyss:1)
  11 wraiths
  4 spriggans
  A fire bat (shapeshifter) (Vaults:4)
  4 wyverns
  45 deep elf fighters
  24 wolves
  76 yaks
  A human (shapeshifter) (Vaults:1)
  2 neqoxecs
  A hungry ghost (D:15)
  A golden eye (shapeshifter) (Elf:2)
  4 basilisks
  28 deep elf magi
  15 hippogriffs
  4 hogs (D:15)
  A steam dragon (D:8)
  Menkaure (D:4)
  5 fire elementals
  54 nagas
  21 swamp worms
  41 vampire mosquitoes
  16 insubstantial wisps
  A chaos spawn (Abyss:1)
  4 mottled dragons
  11 porcupines
  5 wargs
  7 soldier ants
  4 hell hounds (D:15)
  A merfolk skeleton (Crypt:1)
  A faun skeleton (Crypt:2)
  Duvessa (D:5)
  21 water moccasins
  A deep troll skeleton (Crypt:1)
  A spiny frog skeleton (Crypt:2)
  3 black bears
  A black bear (shapeshifter) (Depths:3)
  49 ogres
  34 orc warriors
  20 swamp drakes
  An ice dragon simulacrum (Crypt:3)
  2 phantoms
  2 manticore zombies (Crypt:3)
  6 necrophages
  5 sky beasts
  8 boggarts
  17 wasps
  2 eyes of draining
  An anubis guard skeleton (Crypt:3)
  3 ice beasts
  4 small abominations (Abyss:1)
  35 centaurs
  24 giant frogs
  A centaur (shapeshifter) (Vaults:3)
  An elf zombie (D:10)
  2 big kobolds
  3 brain worms
  16 crocodiles
  2 earth elementals (Depths:3)
  2 wyvern zombies
  A brain worm (shapeshifter) (Vaults:4)
  A glowing shapeshifter simulacrum (Vaults:3)
  A dryad skeleton (Crypt:2)
  4 scorpions
  10 wights
  8 killer bees
  A snapping turtle simulacrum (Crypt:1)
  5 electric eels
  3 jellies
  13 crimson imps
  10 hounds
  3 giant frog zombies
  8 human zombies
  25 orc priests
  Ijyb (D:2)
  5 quasits
  3 giant frog skeletons
  3 iron imps (Depths:3)
  29 orc wizards
  5 hell rats (Lair:4)
  4 centaur skeletons
  6 iguanas
  10 sheep
  39 worker ants
  A troll simulacrum (Crypt:3)
  A killer bee zombie (Crypt:3)
  An ogre zombie (D:10)
  A crocodile zombie (Crypt:2)
  14 mummies
  A hound zombie (D:5)
  2 worker ant zombies (D:5)
  Robin (D:4)
  7 gnolls
  15 adders
  A steam dragon skeleton (Crypt:3)
  7 shadow imps
  27 river rats
  15 white imps
  2 giant eyeballs (D:15)
  An ooze (D:1)
  3 ufetubi
  A lava snake skeleton (Crypt:3)
  An adder zombie (D:6)
  22 worms
  5 giant geckos
  179 orcs
  2 ball pythons
  13 bats
  3 bat skeletons
  A bat zombie (D:5)
  4 giant cockroaches
  44 goblins
  21 hobgoblins
  28 kobolds
  4 quokkas
  5 giant newts
  20 jackals
  A jackal skeleton (D:4)
  A jackal zombie (Crypt:3)
  An orc skeleton (D:10)
  16 rats
  A rat skeleton (Crypt:2)
  A spectral orc (D:2)
  5 briar patches
  7 crawling corpses
  4 fungi
  2 lost souls
  A pillar of salt (Vaults:3)
  6 plants
2762 creatures vanquished.

Vanquished Creatures (collateral kills)
  A thorn hunter (Swamp:4)
  A vault guard (Vaults:1)
  A hydra (Swamp:4)
  An iron troll (Depths:5)
  A shambling mangrove (Swamp:4)
  4 ugly things
  A giant leech (Swamp:4)
  A vampire mosquito (Swamp:4)
  A naga (Snake:3)
  A swamp worm (Swamp:4)
  A swamp drake (Swamp:4)
  A centaur (D:14)
15 creatures vanquished.

Vanquished Creatures (others)
  A deep elf master archer (Elf:3)
  A deep elf sorcerer (Depths:3)
  A naga warrior (Snake:4)
  A deep troll earth mage (Depths:5)
  A salamander mystic (Snake:3)
  A black mamba (Snake:4)
  A vault sentinel (Vaults:3)
  A komodo dragon (Lair:7)
  2 polar bears (IceCv)
  A trapdoor spider (D:15)
  2 humans (D:15)
  2 yaks (IceCv)
  A deep elf fighter (Depths:5)
  2 wolves (IceCv)
  A centaur (Vaults:2)
  A hobgoblin (Elf:1)
  A quokka (D:2)
  A rat (D:2)
  A bush (Lair:8)
  55 fungi
  9 pillars of salt
  72 plants
  10 starspawn tentacles (Abyss:1)
  115 starspawn tentacle segments (Abyss:1)
284 creatures vanquished.

Grand Total: 3061 creatures vanquished

Notes
Turn   | Place    | Note
--------------------------------------------------------------
     0 | D:1      | nubinia the Spriggan Earth Elementalist began the quest for the Orb.
     0 | D:1      | Reached XP level 1. HP: 9/9 MP: 5/5
   371 | D:1      | Reached XP level 2. HP: 13/13 MP: 7/7
   383 | D:1      | Learned a level 2 spell: Stoneskin
   930 | D:1      | Reached XP level 3. HP: 16/16 MP: 5/8
   960 | D:1      | Learned a level 3 spell: Passwall
  1510 | D:2      | Noticed Ijyb
  1544 | D:2      | Killed Ijyb
  1544 | D:2      | Reached XP level 4. HP: 13/21 MP: 7/10
  1636 | D:2      | Found a white marble altar of Elyvilon.
  1783 | D:2      | Reached skill level 4 in Spellcasting
  1834 | D:2      | Found an iron altar of Okawaru.
  2403 | D:2      | Reached XP level 5. HP: 19/25 MP: 4/12
  2617 | D:2      | Found a basalt altar of Yredelemnul.
  2798 | D:3      | Reached skill level 1 in Short Blades
  3403 | D:3      | Reached skill level 5 in Spellcasting
  3819 | D:4      | Reached XP level 6. HP: 22/29 MP: 14/14
  3924 | D:4      | Noticed a phantom
  4029 | D:4      | Upgraded the game from 0.17-a0-1564-g7b572aa to 0.17-a0-1567-gdd419b1
  4226 | D:4      | Noticed Grinder
  4442 | D:4      | Killed a phantom
  4807 | D:4      | Noticed an ogre
  4819 | D:4      | Reached skill level 6 in Spellcasting
  4823 | D:4      | Noticed Menkaure
  4838 | D:4      | Killed Menkaure
  4838 | D:4      | Reached XP level 7. HP: 4/32 MP: 9/17
  5178 | D:4      | Learned a level 3 spell: Stone Arrow
  5331 | D:4      | Killed an ogre
  5331 | D:4      | Reached skill level 7 in Spellcasting
  5355 | D:5      | Entered Level 5 of the Dungeon
  5494 | D:5      | Noticed Dowan
  5499 | D:5      | Found a sacrificial altar of Ru.
  5616 | D:5      | Found a snail-covered altar of Cheibriados.
  6192 | D:4      | Noticed Robin
  6247 | D:4      | Killed Robin
  6322 | D:5      | Noticed Duvessa
  6359 | D:5      | Killed Duvessa
  6530 | D:5      | Reached XP level 8. HP: 37/37 MP: 12/20
  6654 | D:5      | Found a shadowy altar of Dithmenos.
  6933 | D:5      | Reached skill level 8 in Spellcasting
  6933 | D:5      | Reached skill level 1 in Conjurations
  7418 | D:6      | Reached skill level 5 in Dodging
  7418 | D:6      | Reached skill level 5 in Earth Magic
  7431 | D:6      | Found a bloodstained altar of Trog.
  7446 | D:6      | Found a staircase to the Ecumenical Temple.
  7465 | Temple   | Entered the Ecumenical Temple
  7739 | D:6      | Reached skill level 9 in Spellcasting
  7908 | D:6      | Reached skill level 5 in Transmutations
  8586 | D:7      | Reached XP level 9. HP: 34/40 MP: 18/23
  8837 | D:7      | Found an iron altar of Okawaru.
  8837 | D:7      | Found a glowing silver altar of Zin.
  8902 | D:7      | Reached skill level 10 in Spellcasting
  9897 | D:5      | Reached skill level 1 in Fighting
  9948 | D:4      | Killed Grinder
 10403 | D:8      | Reached skill level 11 in Spellcasting
 10413 | D:8      | Noticed an unseen horror
 10424 | D:8      | Killed an unseen horror
 10424 | D:8      | Reached skill level 5 in Stealth
 10742 | D:8      | Reached XP level 10. HP: 45/45 MP: 24/26
 10746 | D:8      | Paralysed by a wasp for 1 turns
 10951 | D:8      | Noticed a manticore
 10984 | D:8      | Found an opulent altar of Gozag.
 11321 | D:9      | Found a blossoming altar of Fedhas.
 11450 | D:9      | Noticed Erolcha
 11498 | D:9      | Found a stormy altar of Qazlal.
 11533 | D:9      | Reached skill level 12 in Spellcasting
 11598 | D:9      | Found an ancient bone altar of Kikubaaqudgha.
 12069 | D:10     | Entered Level 10 of the Dungeon
 12374 | D:10     | Found Fepuywna's Jewellery Shoppe.
 12377 | D:10     | Bought a +3 ring of protection for 315 gold pieces
 12404 | D:10     | Learned a level 5 spell: Lee's Rapid Deconstruction
 12641 | D:10     | Found a staircase to the Lair.
 13053 | D:10     | Noticed an unseen horror
 13093 | D:10     | Killed an unseen horror
 13154 | D:10     | Noticed a hill giant
 13166 | D:10     | Learned a level 4 spell: Petrify
 13479 | D:10     | Killed a hill giant
 13510 | D:10     | Reached skill level 13 in Spellcasting
 13618 | D:10     | Reached XP level 11. HP: 49/49 MP: 15/29
 14314 | D:10     | Found an ancient bone altar of Kikubaaqudgha.
 14575 | Lair:1   | Entered Level 1 of the Lair of Beasts
 16257 | D:11     | Reached skill level 14 in Spellcasting
 16464 | D:11     | Noticed a hill giant
 16479 | D:11     | Killed a hill giant
 16531 | D:11     | Noticed a five-headed hydra
 16550 | D:11     | Killed a five-headed hydra
 16703 | D:11     | Noticed an unseen horror
 16736 | D:11     | Killed an unseen horror
 17543 | D:11     | Noticed a hill giant
 17559 | D:11     | Killed a hill giant
 17559 | D:11     | Reached XP level 12. HP: 46/56 MP: 15/31
 17838 | D:11     | Found a staircase to the Orcish Mines.
 17973 | D:11     | Noticed Erica
 17980 | D:11     | Killed Erica
 18117 | D:11     | Noticed a hill giant
 18133 | D:11     | Killed a hill giant
 18247 | D:12     | Found a flagged portal.
 18554 | Bailey   | Entered a bailey
 18882 | Bailey   | Reached skill level 15 in Spellcasting
 19175 | Bailey   | Found a roughly hewn altar of Beogh.
 19737 | D:12     | Reached skill level 10 in Transmutations
 20472 | D:8      | Killed a manticore
 20639 | D:8      | Found a deep blue altar of Sif Muna.
 20642 | D:8      | Became a worshipper of Sif Muna the Loreminder
 22215 | Lair:2   | Acquired Sif Muna's first power
 22282 | Lair:2   | Learned a level 3 spell: Dazzling Spray
 22974 | Lair:1   | Learned a level 4 spell: Ice Form
 23017 | Lair:3   | Noticed a four-headed hydra
 23177 | Lair:3   | Reached skill level 1 in Throwing
 23213 | Lair:3   | Reached skill level 10 in Dodging
 23213 | Lair:3   | Reached XP level 13. HP: 59/59 MP: 33/33
 23224 | Lair:3   | Noticed an eight-headed hydra
 23242 | Lair:3   | Reached skill level 16 in Spellcasting
 23377 | Lair:3   | Reached skill level 1 in Hexes
 23969 | Lair:3   | Noticed Snorg
 24079 | Lair:3   | Killed Snorg
 24285 | Lair:3   | Found a staircase to the Snake Pit.
 24292 | Lair:3   | Killed a four-headed hydra
 24292 | Lair:3   | Acquired Sif Muna's second power
 24639 | Lair:3   | Killed an eight-headed hydra
 25170 | Lair:4   | Found a labyrinth entrance.
 25184 | Lab      | Entered a labyrinth
 25301 | Lab      | Got a warped marble ring
 25302 | Lab      | Got a polished hunting sling
 25303 | Lab      | Identified the cursed +0 hunting sling "Lepsai" {freeze, Str+6} (You found it in a labyrinth)
 25305 | Lab      | Identified the ring of the Enemy {rC+ MR+ MP+9 Str+5} (You found it in a labyrinth)
 25474 | Lair:4   | Found a frozen archway.
 25497 | IceCv    | Entered an ice cave
 25821 | IceCv    | Got a fine flail
 25823 | IceCv    | Identified the cursed +1 flail of a bazaar {flame, *Contam rPois rC+++ Str+4} (You found it in an ice cave)
 27271 | IceCv    | Noticed a frost giant
 27547 | IceCv    | Reached skill level 17 in Spellcasting
 27742 | IceCv    | Killed a frost giant
 27742 | IceCv    | Reached skill level 10 in Earth Magic
 28184 | Lair:4   | Acquired Sif Muna's third power
 29239 | Lair:4   | Reached skill level 5 in Hexes
 29474 | Lair:4   | Reached XP level 14. HP: 48/63 MP: 23/36
 29691 | Lair:5   | Found a staircase to the Swamp.
 29764 | Lair:5   | Got a pitted hunting sling
 29765 | Lair:5   | Identified the cursed +2 hunting sling of Cuiw {freeze, Str+4} (You found it on level 5 of the Lair of Beasts)
 29802 | Lair:5   | Reached skill level 5 in Conjurations
 31592 | Lair:6   | Reached skill level 10 in Stealth
 32821 | Lair:7   | Upgraded the game from 0.17-a0-1567-gdd419b1 to 0.17-a0-1570-g74b7129
 33164 | Lair:7   | Reached skill level 18 in Spellcasting
 33788 | Lair:7   | Received a gift from Sif Muna
 33789 | Lair:7   | Identified Sif Muna's Disquisition on Transmutation and Toxins (Sif Muna gifted it to you on level 7 of the Lair of Beasts)
 33943 | Lair:7   | Found a glowing golden altar of the Shining One.
 35413 | Lair:8   | Entered Level 8 of the Lair of Beasts
 35565 | Lair:8   | Found a viscous altar of Jiyva.
 35719 | Lair:8   | Reached XP level 15. HP: 68/68 MP: 4/38
 36234 | Lair:8   | Found a staircase to the Slime Pits.
 37170 | Lair:8   | Got a fine mottled dragon armour
 37171 | Lair:8   | Identified the cursed +0 mottled dragon armour of the Farrier {rPois Regen+} (You found it on level 8 of the Lair of Beasts)
 37924 | Lair:8   | Received a gift from Sif Muna
 37937 | Lair:8   | Learned a level 7 spell: Dragon Form
 38519 | Orc:1    | Entered Level 1 of the Orcish Mines
 38862 | Orc:1    | Found a roughly hewn altar of Beogh.
 40294 | Orc:4    | Entered Level 4 of the Orcish Mines
 40351 | Orc:4    | Found a staircase to the Elven Halls.
 40581 | Orc:4    | Found Bufeb's Assorted Antiques.
 40605 | Orc:4    | Reached skill level 19 in Spellcasting
 41556 | Orc:4    | Found Cawuh's Weapon Emporium.
 41613 | Orc:4    | Found Zest's Weapon Shop.
 41616 | Orc:4    | Found Roojacai's Magic Scroll Shop.
 41627 | Orc:4    | Bought a smoky ruby potion for 23 gold pieces
 41959 | Elf:1    | Entered Level 1 of the Elven Halls
 44059 | Swamp:1  | Entered Level 1 of the Swamp
 44077 | Swamp:1  | Reached skill level 1 in Shields
 45217 | Swamp:1  | Noticed Nikola
 45266 | Swamp:1  | Killed Nikola
 45329 | Swamp:1  | Reached skill level 5 in Shields
 45741 | Swamp:1  | Reached XP level 16. HP: 54/72 MP: 16/40
 49634 | Lair:5   | Learned a level 3 spell: Gell's Gravitas
 49939 | Swamp:3  | Reached skill level 1 in Translocations
 50604 | Swamp:3  | Noticed Jorgrun
 51256 | Swamp:3  | Killed Jorgrun
 51256 | Swamp:3  | Reached skill level 1 in Armour
 52756 | Swamp:4  | Entered Level 4 of the Swamp
 52783 | Swamp:4  | Received a gift from Sif Muna
 52784 | Swamp:4  | Identified Sif Muna's Papyrus of Transmutation (Sif Muna gifted it to you on level 4 of the Swamp)
 52788 | Swamp:4  | Learned a level 2 spell: Sticks to Snakes
 53061 | Lair:8   | Reached skill level 10 in Hexes
 56525 | Swamp:4  | Reached XP level 17. HP: 36/76 MP: 38/41
 56977 | Swamp:4  | Reached skill level 5 in Translocations
 57200 | Swamp:4  | Reached skill level 20 in Spellcasting
 57361 | Swamp:4  | Got a decaying rune of Zot
 57625 | Snake:1  | Entered Level 1 of the Snake Pit
 58055 | Snake:1  | Identified the Almanac of Damaging Heat
 58059 | Snake:1  | Learned a level 2 spell: Throw Flame
 58342 | Snake:1  | Reached skill level 5 in Short Blades
 58411 | Snake:1  | Received a gift from Sif Muna
 58418 | Snake:1  | Identified Sif Muna's Compendium of the Quantum Oath (Sif Muna gifted it to you on level 1 of the Snake Pit)
 58422 | Snake:1  | Learned a level 1 spell: Apportation
 58427 | Snake:1  | Learned a level 4 spell: Force Lance
 60136 | Snake:2  | Got a dazzling long sword
 60137 | Snake:2  | Identified the cursed +1 long sword "nubinia's Bane" {pain, rN+} (You found it on level 2 of the Snake Pit)
 60163 | Snake:2  | Noticed Aizul
 60249 | Snake:2  | Killed Aizul
 61108 | Snake:2  | Reached skill level 5 in Armour
 64478 | Snake:4  | Entered Level 4 of the Snake Pit
 65397 | Snake:3  | Reached XP level 18. HP: 66/81 MP: 43/43
 65802 | Snake:3  | Received a gift from Sif Muna
 65811 | Snake:3  | Learned a level 6 spell: Deflect Missiles
 65976 | Snake:4  | Found a radiant altar of Vehumet.
 66220 | Snake:4  | Reached skill level 1 in Charms
 66410 | Snake:4  | Reached skill level 1 in Air Magic
 70010 | Snake:4  | Noticed Vashnia
 70351 | Snake:3  | Received a gift from Sif Muna
 70351 | Snake:3  | Reached skill level 21 in Spellcasting
 70352 | Snake:3  | Identified Ucsas's Volume of Attacks and Good Luck (Sif Muna gifted it to you on level 3 of the Snake Pit)
 70356 | Snake:3  | Learned a level 2 spell: Shroud of Golubria
 70362 | Snake:3  | Learned a level 5 spell: Iskenderun's Battlesphere
 70364 | Snake:3  | Learned a level 1 spell: Magic Dart
 70624 | Snake:4  | Reached skill level 5 in Charms
 70837 | Snake:4  | Got a serpentine rune of Zot
 71836 | D:10     | Upgraded the game from 0.17-a0-1570-g74b7129 to 0.17-a0-1572-g7a1422d
 72348 | D:13     | Found Bogeutau's Magic Scroll Shoppe.
 72938 | Lair:1   | Learned a level 6 spell: Hydra Form
 74035 | D:14     | You fall through a shaft!
 74035 | D:15     | Entered Level 15 of the Dungeon
 74035 | D:15     | Noticed Agnes
 74039 | D:15     | Killed Agnes
 74086 | D:15     | Found Fibisa Juitu's Magic Scroll Shop.
 74370 | D:15     | Found Tiurec's General Store.
 74570 | D:15     | Reached XP level 19. HP: 86/86 MP: 45/45
 74898 | D:14     | Noticed Rupert
 74971 | D:14     | Killed Rupert
 75315 | D:14     | Noticed Nessos
 75368 | D:14     | Killed Nessos
 75381 | D:14     | Reached skill level 15 in Stealth
 75615 | Lair:3   | Gained mutation: You have very sharp teeth. [potion of mutation]
 75615 | Lair:3   | Gained mutation: You have a pair of small antennae on your head. [potion of mutation]
 75616 | Lair:3   | Gained mutation: You are partially covered in yellow scales (AC +2). [potion of mutation]
 75616 | Lair:3   | Gained mutation: You are agile. (Dex +2) [potion of mutation]
 75616 | Lair:3   | Gained mutation: You are partially covered in iridescent scales (AC +4). [potion of mutation]
 75674 | Lair:4   | Gained mutation: You can spit weak poison. [potion of beneficial mutation]
 75946 | D:14     | Received a gift from Sif Muna
 75947 | D:14     | Identified Sif Muna's Volume of the Compass (Sif Muna gifted it to you on level 14 of the Dungeon)
 75951 | D:14     | Learned a level 2 spell: Blink
 75959 | D:14     | Learned a level 5 spell: Phase Shift
 76170 | D:14     | Found a gate to the Vaults.
 76471 | Vaults:1 | Entered Level 1 of the Vaults
 76471 | Vaults:1 | Found Ewkorch's General Store.
 76622 | Vaults:1 | Reached skill level 1 in Evocations
 78727 | Vaults:1 | Reached skill level 10 in Armour
 79421 | Vaults:1 | Received a gift from Sif Muna
 79422 | Vaults:1 | Identified Uzuystr Meew's Almanac of Hexes (Sif Muna gifted it to you on level 1 of the Vaults)
 79431 | Vaults:1 | Learned a level 6 spell: Invisibility
 79456 | Vaults:1 | Reached skill level 5 in Air Magic
 79645 | Vaults:1 | Upgraded the game from 0.17-a0-1572-g7a1422d to 0.17-a0-1575-g9a29ec8
 80554 | Vaults:1 | Reached skill level 10 in Shields
 80932 | Vaults:1 | Got a brightly glowing dagger
 80933 | Vaults:1 | Identified the +12 dagger "Rutu" {holy, rN++ Int-2} (You took it off a vault sentinel on level 1 of the Vaults)
 81105 | Vaults:1 | Reached XP level 20. HP: 64/91 MP: 46/46
 82143 | Elf:2    | Reached skill level 22 in Spellcasting
 82509 | Elf:2    | Found a runed gate.
 82509 | Elf:2    | Found a runed gate.
 82510 | Elf:2    | Found a runed gate.
 83836 | Elf:2    | Reached skill level 10 in Translocations
 84466 | Vaults:1 | Learned a level 7 spell: Controlled Blink
 84752 | Elf:3    | Entered Level 3 of the Elven Halls
 84956 | Elf:3    | Found a radiant altar of Vehumet.
 85823 | Elf:3    | Received a gift from Sif Muna
 85824 | Elf:3    | Identified Sif Muna's Papyrus of Execration (Sif Muna gifted it to you on level 3 of the Elven Halls)
 86392 | Elf:3    | Reached skill level 10 in Charms
 86585 | Elf:3    | Got a slimy eveningstar
 86586 | Elf:3    | Identified the +6 eveningstar of Pyromania {crush, rPois rF- MR+++ Int-2} (You took it off a deep elf annihilator on level 3 of the Elven Halls)
 86590 | Elf:3    | Reached skill level 1 in Fire Magic
 87403 | Elf:3    | Got a brightly glowing mace
 87404 | Elf:3    | Identified the +6 mace "Wusecam" {elec, rF+ SInv} (You took it off a deep elf death mage on level 3 of the Elven Halls)
 87863 | Elf:3    | Got a transparent hunting sling
 87864 | Elf:3    | Identified the +7 hunting sling of Slime {venom, Str+3} (You took it off a deep elf priest on level 3 of the Elven Halls)
 88043 | Elf:3    | Reached skill level 23 in Spellcasting
 88221 | Elf:3    | Noticed Donald
 88230 | Elf:3    | Killed Donald
 88230 | Elf:3    | Reached XP level 21. HP: 95/95 MP: 33/49
 88397 | Elf:3    | Identified Iskenderun's Compendium of Feathery Attacks
 88405 | Elf:3    | Learned a level 3 spell: Mephitic Cloud
 88420 | Elf:3    | Identified the Collected Works on Necromancy
 88435 | Elf:3    | Learned a level 3 spell: Ignite Poison
 88445 | Elf:3    | Got a dazzling hunting sling
 88446 | Elf:3    | Identified the cursed +3 hunting sling of Defence {freeze, *Corrode rF+ rN+} (You found it on level 3 of the Elven Halls)
 88479 | Elf:3    | Identified a +1 rod of shadows (10/10) (You took it off a deep elf annihilator on level 3 of the Elven Halls)
 88925 | D:7      | Fell from the grace of Sif Muna
 88925 | D:7      | Became a worshipper of Zin the Law-Giver
 88925 | D:7      | Acquired Zin's first power
 88925 | D:7      | Acquired Zin's second power
 88926 | D:7      | Donated 2186 gold pieces to Zin
 88947 | D:7      | Acquired Zin's third power
 89229 | Vaults:2 | Reached skill level 1 in Invocations
 89261 | Vaults:2 | Acquired Zin's fourth power
 89264 | Vaults:2 | Found Weg Hum's Antique Weapon Emporium.
 90027 | Vaults:2 | Found a staircase to the Crypt.
 90921 | Vaults:2 | Reached skill level 5 in Fighting
 93034 | Crypt:1  | Entered Level 1 of the Crypt
 93581 | Crypt:1  | Gained mutation: Your magical capacity is low (-10% MP). [mutagenic glow]
 93890 | Crypt:1  | Reached skill level 15 in Dodging
 94390 | Crypt:1  | Cast into the Abyss (miscasting Force Lance)
 94424 | Abyss:1  | Found an ancient bone altar of Kikubaaqudgha.
 94802 | Abyss:1  | Reached skill level 5 in Invocations
 95473 | Abyss:1  | Found a corrupted altar of Lugonu.
 95586 | Abyss:1  | Identified a scroll of acquirement
 95588 | Abyss:1  | Got a heavily runed cloak
 95599 | Abyss:1  | Identified the +0 cloak of Rotation {-Cast rC++} (You acquired it on level 1 of the Abyss)
 95966 | Crypt:1  | Escaped the Abyss
 96347 | Crypt:1  | Got a slimy hand crossbow
 96348 | Crypt:1  | Identified the +8 hand crossbow of Suiben {elec, -Tele rElec Str+11} (You found it on level 1 of the Crypt)
 97342 | Crypt:1  | Upgraded the game from 0.17-a0-1575-g9a29ec8 to 0.17-a0-1582-ge6b0260
 97446 | Crypt:2  | Reached XP level 22. HP: 100/100 MP: 45/45
 99626 | Crypt:1  | Found an ancient bone altar of Kikubaaqudgha.
 99643 | Crypt:3  | Entered Level 3 of the Crypt
100358 | Crypt:3  | Reached skill level 24 in Spellcasting
101480 | Crypt:3  | Found a staircase to the Tomb.
101533 | Crypt:3  | Was forgiven by Sif Muna
102260 | Crypt:3  | Got a flickering bronze ring
102261 | Crypt:3  | Identified the ring "Soajoi" {Wiz +Inv rPois Str+2} (You took it off a vampire knight on level 3 of the Crypt)
102264 | Crypt:3  | Got a translucent falchion
102265 | Crypt:3  | Identified the cursed +0 falchion of the Spectre {freeze, rF+ rC+ Int-4 SInv Stlth+} (You took it off a vampire knight on level 3 of the Crypt)
102703 | Crypt:3  | Found an ancient bone altar of Kikubaaqudgha.
102706 | Crypt:3  | Found a basalt altar of Yredelemnul.
102719 | Crypt:3  | Identified Kikubaaqudgha's Guide on Dark Rites and Benedictions
103367 | Vaults:3 | Found Pephukh's Armour Emporium.
103996 | Vaults:3 | Bought a +0 buckler of protection for 172 gold pieces
104086 | Vaults:1 | Bought a scroll of enchant armour for 90 gold pieces
104154 | D:15     | Bought a scroll of enchant armour for 90 gold pieces
104171 | D:15     | Found a staircase to the Depths.
104183 | D:15     | Noticed Azrael
104367 | D:15     | Killed Azrael
104517 | D:15     | Got a ring of the Octopus King
104518 | D:15     | Identified a ring of the Octopus King {AC+1 EV+1 Str+1 Int+1 Dex+1 Stlth+} (You found it on level 15 of the Dungeon)
104538 | D:15     | Noticed Kirke
104556 | D:15     | Killed Kirke
104582 | D:15     | Paralysed by a giant eyeball for 4 turns
104747 | D:15     | Reached XP level 23. HP: 105/105 MP: 45/47
104818 | D:15     | Got a clouded pewter ring
104819 | D:15     | Identified the ring "Ufux" {*Confuse rC+ AC+2 Int+4} (You found it on level 15 of the Dungeon)
105256 | D:15     | Found Bost's Assorted Antiques.
105263 | D:15     | Bought an inconspicuous book for 525 gold pieces
105263 | D:15     | Identified Roskifee's Tome of the Oath and Changing (You bought it in a shop on level 15 of the Dungeon)
105342 | D:15     | Got a warped granite ring
105343 | D:15     | Identified the ring of Qimpuxka {Wiz MP-9 Str+2 Int+2 Dex+3} (You took it off a tengu conjurer on level 15 of the Dungeon)
107104 | Vaults:4 | Found Vojen's Book Emporium.
107107 | Vaults:4 | Found a flickering gateway to a bazaar.
107124 | Bazaar   | Entered a bazaar
107138 | Bazaar   | Found Dotze's Magic Scroll Shoppe.
107138 | Bazaar   | Found Feffanap's Book Emporium.
107159 | Bazaar   | Found Tuexaus's Armour Shoppe.
107159 | Bazaar   | Found Deerem's Antique Armour Emporium.
107180 | Bazaar   | Found Faraoff's Gadget Emporium.
107227 | Bazaar   | Bought a runed cloak for 90 gold pieces
107262 | Bazaar   | Bought a scroll of enchant armour for 82 gold pieces
107276 | Bazaar   | Bought a spiked storm dragon armour for 1700 gold pieces
107276 | Bazaar   | Identified the cursed +0 storm dragon armour "Torchistru" {rElec rF++ rC- rCorr Dex+3} (You bought it in a shop in a bazaar)
107409 | Vaults:4 | Reached skill level 10 in Invocations
107849 | Vaults:4 | Found Neyt's Antique Weapon Boutique.
107892 | Vaults:4 | Bought a bloodstained mace for 200 gold pieces
107892 | Vaults:4 | Identified the +4 mace of Fedhas's Fury {crush, +Blink} (You bought it in a shop on level 4 of the Vaults)
107948 | Vaults:4 | Got a heavily runed iron amulet
107949 | Vaults:4 | Identified the amulet of Hirr {Inacc rN+ Int+7} (You found it on level 4 of the Vaults)
109140 | Depths:1 | Entered Level 1 of the Depths
109485 | Depths:1 | Noticed Mara
109489 | Depths:1 | Noticed nubinia's illusion
109582 | Depths:1 | Noticed Saint Roka
109600 | Depths:1 | Found a glowing golden altar of the Shining One.
109791 | Depths:2 | Noticed Asterion
109794 | Depths:2 | Killed Asterion
110521 | Depths:1 | Killed Mara
110637 | Depths:1 | Found a shattered altar of Ashenzari.
111577 | Depths:1 | Found a gateway to Hell.
112079 | Depths:2 | Reached XP level 24. HP: 110/110 MP: 39/47
112773 | Depths:2 | Reached skill level 10 in Conjurations
112812 | Depths:2 | Upgraded the game from 0.17-a0-1582-ge6b0260 to 0.17-a0-1583-g2df49ec
113479 | Depths:2 | Got an ancient cloak
113490 | Depths:2 | Identified the +0 cloak of Wakkig {rElec Int-3 Stlth+} (You acquired it on level 2 of the Depths)
113659 | Depths:3 | Found a one-way gate leading to the halls of Pandemonium.
114304 | Depths:3 | Found a portal to a secret trove of treasure.
114441 | Depths:3 | Noticed Nergalle
114445 | Depths:3 | Killed Nergalle
116067 | Depths:3 | Reached skill level 25 in Spellcasting
117019 | Depths:3 | Noticed an ancient lich
119112 | Depths:4 | Found a one-way gate to the infinite horrors of the Abyss.
119134 | Depths:4 | Found a gateway to a ziggurat.
119134 | Depths:4 | Noticed an ancient lich
119135 | Depths:4 | Noticed an ancient lich
119136 | Depths:4 | Noticed an ancient lich
120274 | Depths:5 | Entered Level 5 of the Depths
121139 | Depths:5 | Noticed Margery
121327 | Depths:4 | Killed Margery
121768 | Depths:5 | Reached XP level 25. HP: 114/114 MP: 36/48
123300 | Depths:5 | Upgraded the game from 0.17-a0-1583-g2df49ec to 0.17-a0-1591-g7a45446
124694 | Depths:5 | Found a gate to the Realm of Zot.
125033 | Vaults:5 | Entered Level 5 of the Vaults
126236 | Vaults:5 | Blown up by a lich

Vault maps used:
D:1:      minmay_arrival_cross
D:2:      yredelemnul_forgotten_temple_becter, elyvilon_altar_4,
          okawaru_metal_pillars_3, uniq_iyjb
D:4:      gup_ossuary_entry_pyramid, uniq_menkaure, uniq_robin, uniq_grinder
D:5:      slow_altar_1, first_bread, basic_altar,
          nicolae_dithmenos_the_darkroom, uniq_duvessa
D:6:      trog_ov_bears_minmay, minmay_temple_entry_statues
D:7:      gammafunk_temple_overflow_pools, serial_bayou_pond_c
D:8:      lemuel_blue_sif_altar, grunt_gozag_breadcrumbs,
          hangedman_pestilent_swarm
D:9:      kiku_gazebo_pond_becter, fedhas_altar_2,
          nicolae_qazlal_style_of_elements, uniq_erolcha
D:10:     erik_lair_island, serial_shops, nicolae_shop_behind_doors,
          lemuel_mausoleum_altar_kikubaaqudgha
D:11:     kennysheep_six_static_rooms, orc_0_dummy, uniq_erica
D:12:     enter_bailey_3, hangedman_decor_clover_reticule, abandoned_shop
D:13:     serial_shops, shop, kennysheep_small_circle
D:14:     erik_vaults_1, serial_undead, serial_undead_f, serial_undead_f,
          serial_undead_b, serial_undead_e, serial_undead_f, serial_undead_c,
          serial_undead_c, serial_undead_b, hangedman_abyss_or_decor_slice,
          spider_trap, uniq_rupert, uniq_nessos
D:15:     hangedman_spin_cycle, serial_shops, uniq_agnes
Temple:   corrupted_temple
Lair:2:   worms_lemuel
Lair:3:   guppyfry_snake_entry_garden, st_stairs_12, lemuel_old_faithful,
          infiniplex_staircase_pool_2, serial_bayou_shore_b, uniq_snorg
Lair:4:   lab_entry_generic, portal_ice_cave_entry_imps,
          minmay_lair_oklob_bushes, grunt_megastairs_3, serial_bayou_shore_b
Lair:5:   swamp_mist_pool, serial_bayou_shore_b, bh_autumn_forest_stairs
Lair:6:   zaba_antful_of_joy
Lair:7:   lemuel_centaur_altar
Lair:8:   due_jungle_book, slime_altar_1, minmay_stone_trees_medium
Swamp:1:  evilmike_swamp_ruin_rubble_1, uniq_nikola
Swamp:2:  evilmike_swamp_ruin_house_1, swamp_pool5
Swamp:3:  serial_swamp_ruin, evilmike_swamp_ruin_rubble_2,
          evilmike_swamp_ruin_house_3, uniq_jorgrun
Swamp:4:  swamp
Snake:1:  st_stairs_9, serial_bayou_shore_b
Snake:2:  spider_trap, uniq_aizul
Snake:3:  library_closet
Snake:4:  snake_pit, basic_altar, st_stairs_10, uniq_vashnia
Orc:1:    basic_altar
Orc:3:    nicolae_orc_pool_cavern
Orc:4:    st_orc_elflike, nicolae_orc_rich_vein
Elf:1:    eino_elf_arrival_the_gate, kennysheep_underground_church
Elf:3:    grunt_elf_hall_asides, david_defended_altar_elf, uniq_donald
Vaults:1: v_misc_25, grunt_vaults_twisty, dpeg_vaults_monster_box, v_misc_24,
          vaults_room_fancy_cross, st_star, v_misc_3, vaults_dpeg_encased_lava,
          v_alt_pattern_2, ontoclasm_vaults_hangar, vaults_standard_mumra_x,
          nicolae_vaults_windows_and_doors_thing, vaults_room_semicircle,
          vaults_dpeg_hooks, serial_shops, shop_statue
Vaults:2: dpeg_vaults_waves, ontoclasm_vaults_ring_small, v_misc_31,
          grunt_vaults_hallway_long, vaults_room_ringed_pool,
          hangedman_vaults_locks, vaults_dpeg_diagonal, ontoclasm_vaults_fault,
          nicolae_vaults_shelves_hall, vaults_room_semicircle,
          minmay_crypt_entry_simple_round, serial_shops, nicolae_shop_crystal
Vaults:3: ontoclasm_vaults_spin, grunt_vaults_hallway_short, vaults_room_pools,
          nicolae_vaults_theta, vaults_dpeg_ring, grunt_vaults_hallway_short,
          serial_shops, shop
Vaults:4: grunt_vaults_diagonal, st_lattice, hangedman_vaults_stitches,
          nicolae_vaults_little_ls, v_misc_18, nicolae_vaults_sealed_display,
          nicolae_vaults_little_squares_2, v_rooms_3,
          nicolae_vaults_mini_display_case, vaults_room_grid,
          vaults_mumra_hexcomb, serial_shops, freezing_bzr,
          nicolae_shop_overgrown_old_shop, shop
Crypt:1:  lemuel_upstairs_altar, grunt_crypt_arrival_split
Crypt:3:  lightli_unholy_cathedral, nicolae_tomb_entry_grand_gallery,
          minivault_26, nicolae_crypt_ancient_font
Depths:1: grunt_hell_entry_dis_old, ashenzari_altar_1, tso_metal_star,
          uniq_mara, uniq_saint_roka
Depths:2: kennysheep_ogre_elephant_herders, hellmouth_1, hex_tiny,
          infiniplex_staircase_squiggle, firewood_loft, uniq_asterion
Depths:3: constructs_gauntlet_mu_hangedman, grunt_pan_entry_sceptre,
          enter_trove_6, pf_coc_iceberg, infiniplex_staircase_split_hallway
Depths:4: cross_vault, enter_ziggurat_d, hangedman_abyss_entry_splay,
          pf_hell_entry_tar_river, serial_bayou_shore_a, serial_bayou_lake_a,
          infiniplex_staircase_pillars_3b, basic_stair_grate_trap,
          serial_bayou_shore_b
Depths:5: evilmike_zot_entry_gauntlet, grunt_metal_band, pan_entry,
          nicolae_two_hexagons
Abyss:1:  evilmike_abyss_exit_5
Lab:      labyrinth_hidden_loot
Bazaar:   bazaar_short_row
Bailey:   bailey_polearm_2, bailey
IceCv:    ice_cave_caverns_02

Action                   |  1- 3 |  4- 6 |  7- 9 | 10-12 | 13-15 | 16-18 | 19-21 | 22-24 | 25-27 || total
-------------------------+-------+-------+-------+-------+-------+-------+-------+-------+-------++-------
Melee: Dagger            |    22 |       |    10 |   671 |   983 |   117 |  1357 |  2274 |   268 ||  5702
       Rapier            |    13 |   149 |   141 |       |    48 |   975 |   829 |       |       ||  2155
       Flail             |       |       |       |     6 |     8 |    14 |       |       |     4 ||    32
       Broad axe         |       |       |       |     8 |       |       |       |       |       ||     8
       Unarmed           |       |       |       |       |     6 |    27 |       |       |       ||    33
 Fire: Blowgun           |       |       |       |    31 |   306 |    57 |     5 |       |       ||   399
Throw: Stone             |       |       |       |       |    15 |    62 |       |       |       ||    77
 Cast: Sandblast         |    36 |   106 |   201 |   109 |    15 |     4 |       |       |       ||   471
       Stoneskin         |     1 |     3 |     5 |    50 |    63 |    89 |    80 |    75 |    18 ||   384
       Stone Arrow       |       |       |    14 |   266 |   383 |    21 |       |       |       ||   684
       Lee's Rapid Decon |       |       |       |    12 |    32 |       |    36 |   120 |     3 ||   203
       Petrify           |       |       |       |     5 |     7 |       |       |       |       ||    12
       Dazzling Spray    |       |       |       |    14 |   580 |  1366 |   477 |   346 |    90 ||  2873
       Passwall          |       |       |       |     1 |       |       |    15 |     4 |     1 ||    21
       Ice Form          |       |       |       |       |     2 |     1 |       |       |       ||     3
       Sticks to Snakes  |       |       |       |       |       |    54 |    34 |     1 |       ||    89
       Dragon Form       |       |       |       |       |       |     1 |       |       |       ||     1
       Throw Flame       |       |       |       |       |       |    73 |   267 |   117 |    50 ||   507
       Force Lance       |       |       |       |       |       |    37 |   170 |   289 |    56 ||   552
       Iskenderun's Batt |       |       |       |       |       |     7 |   137 |    95 |    34 ||   273
       Shroud of Golubri |       |       |       |       |       |     1 |    52 |    56 |    16 ||   125
       Hydra Form        |       |       |       |       |       |     1 |       |       |       ||     1
       Phase Shift       |       |       |       |       |       |       |    57 |    64 |    17 ||   138
       Magic Dart        |       |       |       |       |       |       |    35 |    22 |       ||    57
       Deflect Missiles  |       |       |       |       |       |       |     7 |    11 |     2 ||    20
       Apportation       |       |       |       |       |       |       |     7 |       |     1 ||     8
       Blink             |       |       |       |       |       |       |     5 |     8 |     2 ||    15
       Mephitic Cloud    |       |       |       |       |       |       |     2 |    81 |    21 ||   104
       Controlled Blink  |       |       |       |       |       |       |       |     1 |       ||     1
Invok: Channel Energy    |       |       |       |       |     3 |     2 |       |       |       ||     5
       Forget Spell      |       |       |       |       |       |       |     2 |       |       ||     2
       Recite            |       |       |       |       |       |       |    20 |   112 |    10 ||   142
       Vitalisation      |       |       |       |       |       |       |     1 |     2 |       ||     3
 Abil: Breathe Fire      |       |       |       |       |       |     1 |       |       |       ||     1
Evoke: Wand              |       |       |       |       |    19 |    23 |     7 |     9 |       ||    58
       Phial of floods   |       |       |       |       |     1 |     1 |       |       |     1 ||     3
       Fan of gales      |       |       |       |       |       |     1 |       |     2 |     1 ||     4
  Use: Scroll            |       |    13 |     4 |    13 |    18 |    18 |    14 |    21 |     3 ||   104
       Potion            |       |       |       |       |     3 |     4 |     4 |     6 |     3 ||    20
 Stab: Sleeping          |     5 |    14 |    13 |    40 |    54 |    47 |    53 |    52 |     2 ||   280
       Distracted        |     1 |     3 |     1 |     5 |    18 |    17 |    19 |    16 |     3 ||    83
       Invisible         |       |       |       |     3 |    88 |   203 |    82 |    68 |    33 ||   477
       Petrified         |       |       |       |       |     1 |       |       |       |       ||     1
       Fleeing           |       |       |       |       |       |       |     1 |       |       ||     1
       Confused          |       |       |       |       |       |       |     4 |   115 |    20 ||   139
       Paralysed         |       |       |       |       |       |       |       |    12 |     1 ||    13
  Eat: Pizza             |       |     1 |       |     2 |     1 |       |     1 |     3 |       ||     8
       Bread ration      |       |       |     1 |       |     3 |     4 |     4 |     2 |     1 ||    15
       Fruit             |       |       |       |     4 |       |     4 |     5 |    17 |       ||    30
       Royal jelly       |       |       |       |     3 |     6 |       |     1 |       |     1 ||    11
